 Dungeon Crawl Stone Soup version 0.30-a0-166-g5d06c95188 (webtiles) character file.

Game seed: 12700261032871971710

7098 qw the Cleaver (level 11, -9/68 HPs)
             Began as a Gargoyle Fighter on Sept 28, 2022.
             Was a High Priest of Okawaru.
             Mangled by a death yak (19 damage)
             ... on level 9 of the Dungeon.
             The game lasted 00:03:45 (9293 turns).

qw the Cleaver (Gargoyle Fighter)                   Turns: 9293, Time: 00:03:46

Health: -9/68      AC: 31    Str: 24    XL:     11   Next: 9%
Magic:  9/16       EV: 14    Int:  9    God:    Okawaru [*****.]
Gold:   457        SH: 12    Dex: 15    Spells: 10/10 levels left

rFire   . . .      SeeInvis .    l - +0 broad axe
rCold   . . .      Faith    .    c - +0 buckler
rNeg    + . .      Spirit   .    j - +1 plate armour
rPois   inf        Reflect  +    b - +2 helmet
rElec   +          Harm     .    (no cloak)
rCorr   .          Rampage  .    k - +2 pair of gloves
Will    .....                    (no boots)
Stlth   ..........               r - amulet of reflection
HPRegen 0.21/turn                q - +6 ring of dexterity
MPRegen 0.15/turn                e - +4 ring of evasion

@: about to teleport, heroic, finesse-ful
A: sickness immunity, AC +8, negative energy resistance 1, electricity
resistance, torment resistance 1, petrification resistance
a: Renounce Religion, Heroism, Finesse, Duel


You were on level 9 of the Dungeon.
You worshipped Okawaru.
Okawaru was extremely pleased with you.
You visited 2 branches of the dungeon, and saw 10 of its levels.

You collected 473 gold pieces.
You spent 16 gold pieces at shops.


Innate Abilities, Weirdness & Mutations

You are immune to sickness and miasma.
Your stone body is resilient. (AC +8)
You are immune to poison.
You resist negative energy. (rN+)
You are resistant to electric shocks. (rElec)
You are resistant to unholy torment.
You are immune to petrification.


   Skills:
 - Level 8.1(13.1) Fighting
 + Level 10.6(15.6) Axes
 - Level 1.0(6.0) Throwing
 - Level 7.0(12.0) Armour
 - Level 2.2(7.2) Dodging
 - Level 5.2(10.2) Shields
 + Level 7.6 Invocations


You had 10 spell levels left.
You didn't know any spells.
Your spell library was empty.

Inventory:

Hand Weapons
 l - a +0 broad axe (weapon)
 u - a +0 hand axe of flaming
Missiles
 f - 2 boomerangs (quivered)
Armour
 b - a +2 helmet (worn)
 c - a +0 buckler (worn)
 j - a +1 plate armour (worn)
 k - a +2 pair of gloves (worn)
Jewellery
 e - a +4 ring of evasion (right hand)
 q - a +6 ring of dexterity (left hand)
 r - an amulet of reflection (around neck)
Scrolls
 m - a scroll of identify
Potions
 a - 4 potions of attraction
 d - 3 potions of might
 h - a potion of resistance
 i - 3 potions of mutation
 n - a potion of lignification
 p - a potion of heal wounds
 s - 3 potions of curing
 v - a potion of magic

Dungeon Overview and Level Annotations

Branches:
Dungeon (9/15)             Temple (1/1) D:4
   Lair: D:8-11         Orc: D:9-12

Altars:
Ashenzari
Cheibriados
Dithmenos
Elyvilon
Fedhas
Gozag
Hepliaklqana
Kikubaaqudgha
Nemelex Xobeh
Okawaru
Qazlal
Ru
Sif Muna
Trog
Uskayaw
Vehumet
Wu Jian
Xom
Yredelemnul
Zin
The Shining One

Shops:
D:2 *


Message History

The death yak misses you.
The death yak snorts and paws the ground.
You block the death yak's attack.
You hit the death yak but do no damage.
The death yak is moderately wounded.
You slash the death yak! You hit the death yak but do no damage.
You slash the death yak!
The death yak is moderately wounded.
You hit the death yak. You hit the death yak but do no damage.
You block the death yak's attack.
An orc warrior comes into view. It is wielding a +0 halberd.
The death yak gores you!
The death yak gores you but does no damage.
You slash the death yak!
The death yak is heavily wounded.
You hit the death yak. You hit the death yak but do no damage.
You hit the death yak.
The death yak is heavily wounded.
You slash the death yak! You hit the death yak but do no damage.
The death yak gores you but does no damage.
You block the orc warrior's attack. The death yak gores you!
The death yak snorts and paws the ground.
The death yak gores you!
You slash the death yak!
The death yak is severely wounded.
You hit the death yak. You slash the death yak! You hit the death yak.
The death yak is severely wounded.
You hit the death yak. You barely miss the death yak. You slash the death yak!
The death yak is almost dead.
You barely miss the death yak. You completely miss the death yak.
The death yak gores you.
The orc warrior hits you from afar with a +0 halberd.
The death yak gores you! You block the death yak's attack.
9293 ||| READING scroll of teleportation.
As you read the scroll of teleportation, it crumbles to dust.
You feel strangely unstable. The death yak gores you!!
You die...

#####.#.#
##.......#
#...>)%..####
#.))).%)<...#
#..)........#
#.#####.....# ...
#.....#
#...#####YY...#...
#.......YY@...<...
#...####o######...
.### #. ... oo .Y.
#Y.. ..#Y .Y##.


You could see 4 death yaks and an orc warrior.

Vanquished Creatures
  A two-headed ogre (D:8)
  A centaur warrior (D:8)
  2 death yaks (D:9)
  Maggie (D:6)
  Psyche (D:8)
  A hornet (D:4)
  Prince Ribbit (D:6)
  4 yaks (D:9)
  A wraith (D:9)
  Eustachio (D:6)
  2 water moccasins
  2 orc warriors
  A black bear (D:6)
  An ice beast (D:8)
  2 sky beasts
  An ogre (D:6)
  A phantom (D:4)
  2 kobold brigands
  2 bullfrogs
  2 gnoll sergeants
  3 necrophages
  4 scorpions (D:5)
  4 killer bees (D:8)
  A jelly (D:7)
  A hound (D:3)
  A gnoll bouda (D:3)
  9 orc priests
  6 iguanas
  3 orc wizards
  Natasha (D:2)
  Robin (D:3)
  18 gnolls
  8 adders
  2 white imps
  2 ufetubi
  A worm (D:2)
  3 dart slugs
  25 orcs
  9 endoplasms
  5 giant cockroaches
  12 goblins
  11 hobgoblins
  30 kobolds
  2 quokkas
  8 ball pythons
  4 bats
  A frilled lizard (D:1)
  2 rats (D:1)
207 creatures vanquished.

Vanquished Creatures (others)
  67 plants
67 creatures vanquished.

Grand Total: 274 creatures vanquished

Notes
Turn   | Place    | Note
-------+----------+-------------------------------------------
     0 | D:1      | qw the Gargoyle Fighter began the quest for the Orb.
     0 | D:1      | Reached XP level 1. HP: 14/14 MP: 1/1
     0 | D:1      | 0 ||| qw: Version: 0.2-a-12-gaebbb33
     0 | D:1      | 0 ||| qw: Game counter: 948
     0 | D:1      | 0 ||| qw: Always use a shield: true
     0 | D:1      | 0 ||| qw: God list: Okawaru
     0 | D:1      | 0 ||| qw: Allow faded altars: false
     0 | D:1      | 0 ||| qw: Do Orc after D:15 true
     0 | D:1      | 0 ||| qw: Do second Lair branch before Depths: true
     0 | D:1      | 0 ||| qw: Lair rune preference: random
     0 | D:1      | 0 ||| qw: Plans: Normal, Zot:1-4, God:TSO, Crypt, Tomb,
                  | Pan, Slime:5, Hells, Abyss, Orb
     0 | D:1      | 0 ||| PLANNING D:1-11
    89 | D:1      | Reached skill level 2 in Axes
   270 | D:1      | Reached XP level 2. HP: 19/19 MP: 2/2
   583 | D:1      | 583 ||| READING scroll labelled WOGANA VIRO.
   588 | D:1      | 588 ||| READING scroll labelled YKHA UPNITAULUOXY.
   589 | D:1      | 589 ||| READING 2 scrolls labelled UCASTR RUEPS.
   590 | D:1      | 590 ||| READING scroll labelled MADEFUG YSHRAY.
   591 | D:1      | 591 ||| READING scroll labelled CAETERE CIHA.
   592 | D:1      | 592 ||| DRINKING 2 fuming blue potions.
   593 | D:1      | 593 ||| DROPPING potion of degeneration.
   594 | D:1      | 594 ||| DROPPING scroll of noise.
   661 | D:2      | Reached skill level 3 in Axes
   691 | D:2      | Reached XP level 3. HP: 23/23 MP: 3/3
   698 | D:2      | Found Ocli's Assorted Antiques.
   718 | D:2      | 718 ||| SHOPLISTING 2 clear potions (32 gold, have 22).
   718 | D:2      | 718 ||| BUYING brown potion (16 gold).
   718 | D:2      | Bought a brown potion for 16 gold pieces
   718 | D:2      | 718 ||| SHOPLISTING clear potion (16 gold, have 6).
   718 | D:2      | 718 ||| SHOPLISTING fizzy dark potion (16 gold, have 6).
   718 | D:2      | 718 ||| SHOPLISTING jewelled flail (153 gold, have 6).
   718 | D:2      | 718 ||| SHOPLISTING scroll labelled QUIMIM QETOST (18 gold,
                  | have 6).
   718 | D:2      | 718 ||| SHOPLISTING shiny granite ring (90 gold, have 6).
   788 | D:2      | 788 ||| DROPPING +0 club.
  1057 | D:2      | Noticed Natasha
  1070 | D:2      | Killed Natasha
  1079 | D:2      | Reached XP level 4. HP: 21/28 MP: 4/4
  1422 | D:2      | Reached skill level 4 in Axes
  1469 | D:2      | 1469 ||| Stepping ~*~*~tactically~*~*~ (stealth).
  1574 | D:2      | 1574 ||| UPGRADING to +0 plate armour.
  1584 | D:2      | 1584 ||| DROPPING +0 scale mail.
  1585 | D:2      | 1585 ||| READING scroll labelled HARONK FOXI.
  1586 | D:2      | 1586 ||| READING scroll labelled WACACLO NINUNUA.
  1587 | D:2      | 1587 ||| READING scroll labelled PODORR GUQOTOU.
  1588 | D:2      | 1588 ||| DRINKING 2 dark potions.
  1589 | D:2      | 1589 ||| DRINKING 2 brown potions.
  1590 | D:2      | 1590 ||| DROPPING potion of brilliance.
  1887 | D:3      | 1887 ||| Stepping ~*~*~tactically~*~*~ (stealth).
  1937 | D:3      | Noticed Robin
  1938 | D:3      | 1938 ||| Stepping ~*~*~tactically~*~*~ (hiding).
  1938 | D:3      | Found a faded altar of an unknown god.
  1939 | D:3      | 1939 ||| Stepping ~*~*~tactically~*~*~ (hiding).
  1951 | D:3      | Killed Robin
  1956 | D:3      | 1956 ||| FLEEEEING.
  1957 | D:3      | 1957 ||| FLEEEEING.
  1958 | D:3      | 1958 ||| FLEEEEING.
  1960 | D:3      | 1960 ||| FLEEEEING.
  1961 | D:3      | 1961 ||| FLEEEEING.
  1962 | D:3      | 1962 ||| FLEEEEING.
  1963 | D:3      | 1963 ||| FLEEEEING.
  1964 | D:3      | 1964 ||| FLEEEEING.
  1965 | D:3      | 1965 ||| FLEEEEING.
  1966 | D:3      | 1966 ||| FLEEEEING.
  1969 | D:3      | 1969 ||| FLEEEEING.
  1970 | D:3      | 1970 ||| FLEEEEING.
  1971 | D:3      | 1971 ||| FLEEEEING.
  1972 | D:3      | 1972 ||| FLEEEEING.
  1973 | D:3      | 1973 ||| STAIRDANCE
  2064 | D:2      | 2064 ||| READING scroll labelled ZEINUA WUXKYIP.
  2065 | D:2      | 2065 ||| DRINKING 3 fizzy dark potions.
  2070 | D:3      | Reached XP level 5. HP: 32/32 MP: 5/5
  2119 | D:3      | 2119 ||| READING scroll of enchant armour.
  2119 | D:3      | 2119 ||| ENCHANTING +0 plate armour.
  2227 | D:3      | 2227 ||| Stepping ~*~*~tactically~*~*~ (stealth).
  2236 | D:3      | 2236 ||| Stepping ~*~*~tactically~*~*~ (stealth).
  2264 | D:3      | Reached skill level 5 in Axes
  2522 | D:3      | 2522 ||| UPGRADING to +1 helmet.
  2527 | D:3      | 2527 ||| UPGRADING to ring of positive energy.
  2528 | D:3      | 2528 ||| READING 2 scrolls of identify.
  2528 | D:3      | 2528 ||| IDENTIFYING sedimented golden potion
  2546 | D:4      | 2546 ||| READING scroll of enchant weapon.
  2546 | D:4      | 2546 ||| ENCHANTING +1 war axe.
  2556 | D:4      | 2556 ||| READING scroll of enchant armour.
  2556 | D:4      | 2556 ||| ENCHANTING +1 helmet.
  2583 | D:4      | Noticed a phantom
  2589 | D:4      | Killed a phantom
  2590 | D:4      | Reached XP level 6. HP: 32/38 MP: 6/6
  2675 | D:4      | Found a staircase to the Ecumenical Temple.
  2676 | D:4      | 2676 ||| PLANNING TEMPLE
  2676 | D:4      | 2676 ||| READING scroll labelled JAWIKHL WIMEL.
  2683 | Temple   | Entered the Ecumenical Temple
  2683 | Temple   | Found a transporter.
  2683 | Temple   | Found a transporter.
  2685 | Temple   | Found a transporter.
  2685 | Temple   | Found a transporter.
  2695 | Temple   | 2695 ||| PLANNING D:1-11
  2698 | Temple   | 2698 ||| PLANNING OKAWARU WORSHIP
  2702 | Temple   | Became a worshipper of Warmaster Okawaru
  2703 | Temple   | 2703 ||| PLANNING D:1-11
  2846 | D:4      | 2846 ||| DROPPING +0 whip.
  2966 | D:4      | 2966 ||| Stepping ~*~*~tactically~*~*~ (hiding).
  3211 | D:4      | Noticed a hornet
  3217 | D:4      | Killed a hornet
  3218 | D:4      | Reached skill level 6 in Axes
  3218 | D:4      | Reached XP level 7. HP: 18/43 MP: 7/7
  3528 | D:4      | Found a basalt altar of Yredelemnul.
  3702 | D:4      | 3702 ||| Stepping ~*~*~tactically~*~*~ (hiding).
  3703 | D:4      | 3703 ||| Stepping ~*~*~tactically~*~*~ (hiding).
  3709 | D:4      | Reached * piety under Okawaru
  3711 | D:4      | 3711 ||| INVOKING Heroism.
  3973 | D:4      | 3973 ||| UPGRADING to +0 pair of gloves.
  3978 | D:4      | 3978 ||| READING scroll labelled JOSKUGO YLORIN.
  4103 | D:5      | Entered Level 5 of the Dungeon
  4104 | D:5      | 4104 ||| PLANNING SEWER
  4111 | D:5      | Reached skill level 1 in Invocations
  4123 | D:5      | 4123 ||| INVOKING Heroism.
  4130 | D:5      | Reached skill level 7 in Axes
  4308 | D:5      | 4308 ||| INVOKING Heroism.
  4584 | D:5      | 4584 ||| Stepping ~*~*~tactically~*~*~ (stealth).
  4591 | D:5      | 4591 ||| INVOKING Heroism.
  4593 | D:5      | Reached skill level 3 in Invocations
  4593 | D:5      | Reached XP level 8. HP: 48/48 MP: 6/10
  4602 | D:5      | 4602 ||| Stepping ~*~*~tactically~*~*~ (stealth).
  4636 | D:5      | 4636 ||| SWAPPING to +2 vampiric hand axe.
  4639 | D:5      | 4639 ||| DROPPING +0 flail.
  4728 | D:5      | 4728 ||| RIP SEWER
  4731 | D:5      | 4731 ||| PLANNING D:1-11
  4758 | D:5      | Found a broken altar of Ashenzari.
  4780 | D:5      | 4780 ||| READING 2 scrolls labelled HEP OGUASAKO.
  4781 | D:5      | 4781 ||| READING scroll labelled QUIMIM QETOST.
  4782 | D:5      | 4782 ||| READING 3 scrolls labelled APSAEM LEKHLEHU.
  4796 | D:5      | 4796 ||| DROPPING scroll of blinking.
  4797 | D:5      | 4797 ||| DROPPING 2 scrolls of fear.
  4798 | D:5      | 4798 ||| READING scroll of teleportation.
  4814 | D:5      | Reached skill level 1 in Dodging
  4840 | D:5      | 4840 ||| READING scroll of enchant armour.
  4840 | D:5      | 4840 ||| ENCHANTING +0 pair of gloves.
  4941 | D:5      | Reached skill level 1 in Throwing
  4995 | D:5      | 4995 ||| FLEEEEING.
  4996 | D:5      | 4996 ||| FLEEEEING.
  4997 | D:5      | 4997 ||| FLEEEEING.
  4998 | D:5      | 4998 ||| FLEEEEING.
  4999 | D:5      | 4999 ||| FLEEEEING.
  5000 | D:5      | 5000 ||| FLEEEEING.
  5001 | D:5      | 5001 ||| FLEEEEING.
  5003 | D:5      | 5003 ||| FLEEEEING.
  5004 | D:5      | 5004 ||| FLEEEEING.
  5005 | D:5      | 5005 ||| FLEEEEING.
  5006 | D:5      | 5006 ||| FLEEEEING.
  5007 | D:5      | 5007 ||| FLEEEEING.
  5009 | D:5      | 5009 ||| FLEEEEING.
  5010 | D:5      | 5010 ||| FLEEEEING.
  5011 | D:5      | 5011 ||| FLEEEEING.
  5012 | D:5      | 5012 ||| FLEEEEING.
  5014 | D:5      | 5014 ||| FLEEEEING.
  5015 | D:5      | 5015 ||| FLEEEEING.
  5016 | D:5      | 5016 ||| FLEEEEING.
  5017 | D:5      | 5017 ||| FLEEEEING.
  5018 | D:5      | 5018 ||| FLEEEEING.
  5019 | D:5      | 5019 ||| FLEEEEING.
  5020 | D:5      | 5020 ||| FLEEEEING.
  5027 | D:5      | 5027 ||| INVOKING Heroism.
  5087 | D:5      | 5087 ||| INVOKING Heroism.
  5095 | D:5      | 5095 ||| Stepping ~*~*~tactically~*~*~ (stealth).
  5096 | D:5      | 5096 ||| Stepping ~*~*~tactically~*~*~ (stealth).
  5110 | D:5      | 5110 ||| Stepping ~*~*~tactically~*~*~ (stealth).
  5115 | D:5      | 5115 ||| INVOKING Heroism.
  5136 | D:5      | 5136 ||| Stepping ~*~*~tactically~*~*~ (stealth).
  5144 | D:5      | 5144 ||| INVOKING Heroism.
  5160 | D:5      | 5160 ||| Stepping ~*~*~tactically~*~*~ (stealth).
  5168 | D:5      | 5168 ||| Stepping ~*~*~tactically~*~*~ (stealth).
  5169 | D:5      | 5169 ||| Stepping ~*~*~tactically~*~*~ (stealth).
  5173 | D:5      | 5173 ||| Stepping ~*~*~tactically~*~*~ (stealth).
  5174 | D:5      | 5174 ||| Stepping ~*~*~tactically~*~*~ (stealth).
  5432 | D:5      | 5432 ||| UPGRADING to +4 ring of evasion.
  5433 | D:5      | 5433 ||| DRINKING 2 clear potions.
  5477 | D:5      | 5477 ||| READING 2 scrolls of identify.
  5477 | D:5      | 5477 ||| IDENTIFYING amethyst potion
  5478 | D:5      | 5478 ||| DROPPING potion of ambrosia.
  5883 | D:6      | Noticed Eustachio
  5884 | D:6      | 5884 ||| INVOKING Heroism.
  5886 | D:6      | 5886 ||| Stepping ~*~*~tactically~*~*~ (stealth).
  5905 | D:6      | 5905 ||| INVOKING Heroism.
  5923 | D:6      | 5923 ||| Stepping ~*~*~tactically~*~*~ (stealth).
  5931 | D:6      | Killed Eustachio
  5935 | D:6      | 5935 ||| Stepping ~*~*~tactically~*~*~ (stealth).
  5937 | D:6      | 5937 ||| INVOKING Heroism.
  5945 | D:6      | Reached skill level 8 in Axes
  5949 | D:6      | 5949 ||| Stepping ~*~*~tactically~*~*~ (stealth).
  5985 | D:6      | Noticed Maggie
  5988 | D:6      | 5988 ||| INVOKING Heroism.
  6009 | D:6      | HP: 8/49 [Maggie/bolt of fire (18)]
  6010 | D:6      | 6010 ||| DRINKING 2 potions of heal wounds.
  6023 | D:6      | Killed Maggie
  6023 | D:6      | Reached ** piety under Okawaru
  6024 | D:6      | Reached skill level 6 in Armour
  6024 | D:6      | Reached XP level 9. HP: 23/54 MP: 12/12
  6220 | D:6      | Noticed Prince Ribbit
  6221 | D:6      | 6221 ||| INVOKING Heroism.
  6238 | D:6      | 6238 ||| INVOKING Heroism.
  6241 | D:6      | Killed Prince Ribbit
  6242 | D:6      | Reached skill level 6 in Fighting
  6891 | D:6      | 6891 ||| UPGRADING to amulet of the acrobat.
  6896 | D:6      | 6896 ||| READING scroll labelled QYOSSE HADD.
  6896 | D:6      | Identified a scroll of acquirement
  6896 | D:6      | 6896 ||| ACQUIRING +5 war axe "Ysiumn" {vorpal, rN+}
  6896 | D:6      | Acquired the +5 war axe "Ysiumn" {vorpal, rN+}
  6898 | D:6      | 6898 ||| SWAPPING to +5 war axe "Ysiumn" {vorpal, rN+}.
  6899 | D:6      | 6899 ||| DROPPING +2 war axe.
  6900 | D:6      | 6900 ||| DROPPING +2 vampiric hand axe.
  6901 | D:6      | 6901 ||| READING 3 scrolls of identify.
  6901 | D:6      | 6901 ||| IDENTIFYING cyan potion
  6902 | D:6      | 6902 ||| READING 2 scrolls of identify.
  6902 | D:6      | 6902 ||| IDENTIFYING viscous ruby potion
  6903 | D:6      | 6903 ||| DROPPING potion of flight.
  6926 | D:7      | 6926 ||| INVOKING Heroism.
  6927 | D:7      | 6927 ||| STAIRDANCE
  6945 | D:7      | 6945 ||| STAIRDANCE
  7031 | D:7      | 7031 ||| INVOKING Heroism.
  7056 | D:7      | 7056 ||| INVOKING Heroism.
  7065 | D:7      | Reached skill level 9 in Axes
  7183 | D:7      | 7183 ||| READING scroll of enchant armour.
  7183 | D:7      | 7183 ||| ENCHANTING +1 pair of gloves.
  7266 | D:7      | 7266 ||| Stepping ~*~*~tactically~*~*~ (stealth).
  7304 | D:7      | 7304 ||| INVOKING Heroism.
  7312 | D:7      | 7312 ||| Stepping ~*~*~tactically~*~*~ (hiding).
  7326 | D:7      | HP: 10/57 [orc priest/divine providence (10)]
  7327 | D:7      | 7327 ||| DRINKING potion of heal wounds.
  7462 | D:7      | 7462 ||| SWAPPING to +0 broad axe.
  7463 | D:7      | 7463 ||| DROPPING +5 war axe "Ysiumn" {vorpal, rN+}.
  7507 | D:7      | 7507 ||| INVOKING Heroism.
  7940 | D:8      | 7940 ||| INVOKING Heroism.
  8228 | D:8      | Noticed a two-headed ogre
  8229 | D:8      | 8229 ||| INVOKING Heroism.
  8231 | D:8      | Noticed a centaur warrior
  8237 | D:8      | Killed a two-headed ogre
  8237 | D:8      | Reached *** piety under Okawaru
  8238 | D:8      | Reached skill level 10 in Axes
  8238 | D:8      | Reached XP level 10. HP: 41/63 MP: 11/13
  8244 | D:8      | Killed a centaur warrior
  8244 | D:8      | Reached **** piety under Okawaru
  8584 | D:8      | Identified the +1 chain mail of the Devouring Gods {rF-
                  | Str+4}
  8633 | D:8      | Noticed Psyche
  8634 | D:8      | 8634 ||| Stepping ~*~*~tactically~*~*~ (hiding).
  8635 | D:8      | 8635 ||| Stepping ~*~*~tactically~*~*~ (hiding).
  8636 | D:8      | 8636 ||| Stepping ~*~*~tactically~*~*~ (hiding).
  8637 | D:8      | 8637 ||| INVOKING Heroism.
  8661 | D:8      | Killed Psyche
  8704 | D:8      | 8704 ||| Stepping ~*~*~tactically~*~*~ (stealth).
  8711 | D:8      | 8711 ||| Stepping ~*~*~tactically~*~*~ (stealth).
  9068 | D:8      | 9068 ||| DROPPING +1 chain mail of the Devouring Gods {rF-
                  | Str+4}.
  9069 | D:8      | 9069 ||| UPGRADING to amulet of reflection.
  9079 | D:8      | 9079 ||| DROPPING amulet of the acrobat.
  9080 | D:8      | 9080 ||| UPGRADING to +6 ring of dexterity.
  9082 | D:8      | 9082 ||| DROPPING ring of positive energy.
  9083 | D:8      | 9083 ||| READING 2 scrolls of identify.
  9083 | D:8      | 9083 ||| IDENTIFYING murky coppery potion
  9112 | D:9      | 9112 ||| Stepping ~*~*~tactically~*~*~ (stealth).
  9116 | D:9      | 9116 ||| INVOKING Heroism.
  9131 | D:9      | Reached ***** piety under Okawaru
  9132 | D:9      | Reached skill level 6 in Invocations
  9140 | D:9      | Received a gift from Okawaru
  9196 | D:9      | 9196 ||| INVOKING Heroism.
  9198 | D:9      | 9198 ||| Stepping ~*~*~tactically~*~*~ (stealth).
  9205 | D:9      | 9205 ||| Stepping ~*~*~tactically~*~*~ (hiding).
  9213 | D:9      | 9213 ||| Stepping ~*~*~tactically~*~*~ (stealth).
  9244 | D:9      | 9244 ||| Stepping ~*~*~tactically~*~*~ (hiding).
  9245 | D:9      | 9245 ||| Stepping ~*~*~tactically~*~*~ (hiding).
  9247 | D:9      | Noticed a death yak
  9248 | D:9      | 9248 ||| INVOKING Heroism.
  9248 | D:9      | Noticed a death yak
  9249 | D:9      | Noticed a death yak
  9249 | D:9      | Noticed a death yak
  9250 | D:9      | Noticed a death yak
  9251 | D:9      | 9251 ||| Stepping ~*~*~tactically~*~*~ (stealth).
  9269 | D:9      | Killed a death yak
  9270 | D:9      | Reached XP level 11. HP: 68/68 MP: 14/16
  9270 | D:9      | 9270 ||| INVOKING Finesse.
  9274 | D:9      | Killed a death yak
  9276 | D:9      | Noticed a death yak
  9277 | D:9      | 9277 ||| INVOKING Heroism.
  9292 | D:9      | HP: 17/68 [orc warrior/+0 halberd (2)]
  9293 | D:9      | 9293 ||| READING scroll of teleportation.
  9293 | D:9      | Mangled by a death yak

Levels and vault maps discovered:
D:1:      lightli_arrival_maybe_door_vault, layout_basic
D:2:      layout_basic, serial_shops, nicolae_shop_overgrown_old_shop,
          uniq_natasha
D:3:      layout_loops_ring, hellmonk_ecumenical_altar_blasted, uniq_robin
D:4:      layout_gridville, yredelemnul_altar_generic,
          minmay_temple_entry_gardened_gates, minmay_bent
D:5:      kennysheep_kobold_camp, layout_loops_ring, evilmike_ruin_ashenzari,
          gup_sewer_entry_glass, nicolae_elevator_lobby_plus
D:6:      layout_basic, kennysheep_flooded_box, uniq_maggie, uniq_eustachio,
          uniq_prince_ribbit1
D:7:      layout_basic
D:8:      layout_basic, uniq_psyche
D:9:      layout_basic, kennysheep_little_box, dpeg_lair_monsters,
          eino_small_chamber_without_monster, kennysheep_boxes
Temple:   hellmonk_temple_divided_pantheon

Skill      XL: |  1  2  3  4  5  6  7  8  9 10 |
---------------+-------------------------------+-----
Axes           | 2 3 4 5 6 7 8 10 | 10.6
Fighting       | 4 5 7 8 |  8.1
Armour         | 4 6 7 |  7.0
Invocations    | 3 4 7 |  7.6
Dodging        | 1 2 |  2.2
Throwing       | 1 |  1.0
Shields        | 4 5 |  5.2

Action                   |  1- 3 |  4- 6 |  7- 9 | 10-12 || total
-------------------------+-------+-------+-------+-------++-------
Melee: War axe           |    74 |   143 |   163 |       ||   380
       Hand axe          |       |       |   187 |       ||   187
       Broad axe         |       |       |    28 |   120 ||   148
       Unarmed           |       |       |       |    29 ||    29
Throw: Boomerang         |       |       |    45 |       ||    45
Invok: Heroism           |       |       |    21 |     5 ||    26
       Finesse           |       |       |       |     1 ||     1
  Use: Scroll            |     5 |     9 |    11 |     2 ||    27
       Potion            |     1 |     3 |     3 |       ||     7
Armor: Scale mail        |    31 |     7 |       |       ||    38
       Plate armour      |       |    83 |   161 |    61 ||   305
       Skin              |       |       |       |     4 ||     4
Dodge: Dodged            |    28 |    37 |   119 |    50 ||   234
Block: Buckler           |    10 |    18 |    79 |    36 ||   143

Table legend:
 A = Non-vault XP
 B = Vault XP
 C = Vault XP percentage of total XP
 D = Non-vault monster count
 E = Vault monster count
 F = Vault count percentage of total count
                 A         B        C        D         E       F
            +---------+---------+-------+---------+---------+-------
      Total |    6867 |    3274 |  32.3 |     160 |      47 |  22.7
            +---------+---------+-------+---------+---------+-------
        D:1 |      27 |       0 |   0.0 |      15 |       0 |   0.0
        D:2 |      43 |      35 |  44.9 |      18 |       1 |   5.3
        D:3 |     144 |      37 |  20.4 |      13 |      12 |  48.0
        D:4 |     502 |     123 |  19.7 |      21 |       3 |  12.5
        D:5 |     800 |     164 |  17.0 |      26 |      25 |  49.0
        D:6 |     336 |     886 |  72.5 |       8 |       3 |  27.3
        D:7 |    1017 |       0 |   0.0 |      22 |       0 |   0.0
        D:8 |    2545 |     409 |  13.8 |      18 |       1 |   5.3
        D:9 |    1453 |    1620 |  52.7 |      19 |       2 |   9.5
            +---------+---------+-------+---------+---------+-------
